 Dungeon Crawl Stone Soup version 0.30-a0-652-gcc886f7154 (webtiles) character file.

Game seed: 16331225920019838318

1794356 mrw0lf the Impregnable (level 27, 228/228 HPs)
             Began as a Djinni Fire Elementalist on Jan 17, 2023.
             Was the Champion of Ashenzari.
             Escaped with the Orb
             ... and 3 runes!
             The game lasted 05:10:28 (57900 turns).

mrw0lf the Impregnable (Djinni Fire Elementalist)  Turns: 57900, Time: 05:10:29

Health: 228/228    AC: 25    Str: 10    XL:     27
Gold:   3328       EV: 29    Int: 29    God:    Ashenzari [******] SH:  0 Dex: 34

rFire   + + .      SeeInvis +    x - +8 storm bow {elec, penet, Range, Evo} (curse)
rCold   + . .      Faith    .    (shield currently unavailable)
rNeg    . . .      Spirit   .    P - +3 scale mail "Loss of the Lashed Seer" {rElec Dex+6 Stlth+, Self, Fort} (curse)
rPois   ∞          Reflect  .    G - +0 helmet "Esoteric Lethargy" {Self, Cun} (curse)
rElec   +          Harm     .    b - +2 cloak "Behold Eternity" {rCorr, Range, Cun} (curse)
rCorr   +          Rampage  .    a - +2 pair of gloves of the Enigmatic Moon {Dex+3, Cun, Self} (curse)
Will    +++..      Clarity  +    (boots unavailable)
Stlth   ++++                     o - amulet "Esoteric Incredulity" {rC++ Will+ Regen+ MP+9 Str+4, Self, Range} (curse)
HPRegen 1.38/turn                v - ring of Shadows {Umbra +Inv Stlth+, Evo, Self} (curse)
MPRegen 0.00/turn                u - ring of the Sibylline Sun {Dex+6, Self, Evo} (curse)

@: flying, wreathed by umbra, studying Maces & Flails
A: sickness immunity, fire resistance 2, cold vulnerability 1, float, innate
caster, HP casting, extra vitality 1, clever 1, wild magic 1
0: Orb of Zot
}: 3/15 runes: barnacled, silver, gossamer
a: Renounce Religion, Evoke Invisibility, Shatter the Chains


You escaped.
You worshipped Ashenzari.
Ashenzari was exalted by your worship.
You visited 9 branches of the dungeon, and saw 45 of its levels.
You visited 1 bazaar.
You also visited: Gauntlet and Wizlab.

You collected 7415 gold pieces.
You spent 4087 gold pieces at shops.

Inventory:

Hand Weapons
 x - the cursed +8 storm bow (weapon) {elec, penet, Range, Evo}
   (You acquired it on level 5 of the Lair of Beasts)

   It has a curse which improves the following skills: Ranged Combat: Ranged
   Weapons and Throwing.
   Evocations: Evocations.
Missiles
 k - 4 javelins
 A - 9 throwing nets
 H - 6 boomerangs
 Q - 5 curare-tipped darts
Armour
 a - the cursed +2 pair of gloves of the Enigmatic Moon (worn) {Dex+3, Cun, Self}
   (You bought it in a shop on level 2 of the Orcish Mines)

   It has a curse which improves the following skills: Cunning: Dodging and
   Stealth.
   Introspection: Fighting and Spellcasting.
 b - the cursed +2 cloak "Behold Eternity" (worn) {rCorr, Range, Cun}
   (You bought it in a shop on level 8 of the Dungeon)

   It has a curse which improves the following skills: Ranged Combat: Ranged
   Weapons and Throwing.
   Cunning:   Dodging and Stealth.
 G - the cursed +0 helmet "Esoteric Lethargy" (worn) {Self, Cun}
   (You found it on level 6 of the Dungeon)

   It has a curse which improves the following skills: Introspection: Fighting
   and Spellcasting.
   Cunning:   Dodging and Stealth.
 P - the cursed +3 scale mail "Loss of the Lashed Seer" (worn) {rElec Dex+6 Stlth+, Self, Fort}
   (You found it on level 3 of the Depths)

   Dex:       It affects your dexterity (+6).
   rElec:     It insulates you from electricity.
   Stlth:     It makes you more stealthy.
   It has a curse which improves the following skills: Introspection: Fighting
   and Spellcasting.
   Fortitude: Armour and Shields.
Jewellery
 o - the cursed amulet "Esoteric Incredulity" (around neck) {rC++ Will+ Regen+ MP+9 Str+4, Self, Range}
   (You found it on level 12 of the Dungeon)

   [amulet of regeneration]

   Str:       It affects your strength (+4).
   rC:        It greatly protects you from cold.
   MP:        It affects your magic capacity (+9).
   Regen:     It increases your rate of health regeneration.
   Will:      It increases your willpower.
   It has a curse which improves the following skills: Introspection: Fighting
   and Spellcasting.
   Ranged Combat: Ranged Weapons and Throwing.
 u - the cursed ring of the Sibylline Sun (right hand) {Dex+6, Self, Evo}
   (You found it on level 3 of the Shoals)

   [ring of dexterity]

   Dex:       It affects your dexterity (+6).
   It has a curse which improves the following skills: Introspection: Fighting
   and Spellcasting.
   Evocations: Evocations.
 v - the cursed ring of Shadows (left hand) {Umbra +Inv Stlth+, Evo, Self}
   (You found it on level 4 of the Lair of Beasts)

   [ring of stealth]

   Umbra:     It surrounds you with an aura of shadow, increasing your stealth
   and reducing the accuracy of all others within it.
   +Inv:      It lets you turn invisible.
   Stlth:     It makes you more stealthy.
   It has a curse which improves the following skills: Evocations: Evocations.
   Introspection: Fighting and Spellcasting.
 z - a +5 ring of evasion
Wands
 s - a wand of charming (5)
 y - a wand of acid (5)
 C - a wand of roots (28)
 D - a wand of digging (15)
Scrolls
 f - a scroll of acquirement
 g - 7 scrolls of fear
 j - 4 scrolls of magic mapping
 p - 2 scrolls of summoning
 r - 4 scrolls of silence
 t - 14 scrolls of teleportation
 w - 9 scrolls of vulnerability
 B - 2 scrolls of blinking
 E - 5 scrolls of fog
 S - 3 scrolls of enchant armour
 W - 2 scrolls of enchant weapon
Potions
 d - 8 potions of might
 h - 8 potions of haste
 l - 5 potions of heal wounds
 n - 2 potions of resistance
 q - 21 potions of curing
 F - 2 potions of ambrosia
 I - 2 potions of invisibility
 K - a potion of cancellation
 L - a potion of berserk rage
 M - 13 potions of brilliance
 Y - 3 potions of mutation
Miscellaneous
 c - a condenser vane
 e - a phantom mirror
 i - a lightning rod (4/4)
 m - a tin of tremorstones (2/2)
 J - a box of beasts (inert)
 V - a phial of floods


   Skills:
 + Level 20.4(27) Fighting
 - Level 17.7(22.6) Ranged Weapons
 + Level 21.4(23.7) Armour
 + Level 17.9(22.7) Dodging
 - Level 7.9(13.0) Stealth
 - Level 8.1(10.8) Shields
 + Level 18.7(26.7) Spellcasting
 - Level 13.2(18.3) Evocations


You couldn't memorise any spells.
You knew the following spells:

 Your Spells              Type           Power      Damage    Failure   Level
a - Malign Gateway        Summ/Tloc      64%        N/A       1%          7
b - Scorch                Fire           100%       2d10      1%          2
c - Kindle Blastsparks    Fire/Tloc/Air  100%       2d18      1%          3
d - Inner Flame           Hex/Fire       100%       N/A       1%          3
e - Flame Wave            Conj/Fire      100%       2d21      1%          4
f - Summon Cactus Giant   Summ           64%        N/A       1%          6
g - Searing Ray           Conj           100%       2d8       1%          2
h - Blink                 Tloc           100%       N/A       1%          2
i - Confusing Touch       Hex            100%       N/A       1%          3
j - Agony                 Necr           100%       N/A       1%          5
k - Silence               Hex/Air        64%        N/A       1%          5
l - Summon Small Mammal   Summ           100%       N/A       1%          1
m - Foxfire               Conj/Fire      100%       2x1d9     1%          1
n - Eringya's Noxious Bo  Tmut/Pois      64%        N/A       1%          6
o - Fire Storm            Conj/Fire      64%        8d16      5%          9
p - Chain Lightning       Conj/Air       64%        3d86      5%          9
x - Summon Hydra          Summ           64%        N/A       1%          7
z - Ignition              Fire           64%        3d17      1%          8
Your spell library was empty.

Dungeon Overview and Level Annotations

Branches:
Dungeon (15/15)            Temple (1/1) D:4            Lair (5/5) D:8
 Shoals (4/4) Lair:2       Spider (4/4) Lair:3        Slime (0/5) Lair:5
    Orc (2/2) D:9             Elf (0/3) Orc:2        Vaults (5/5) D:14
  Crypt (0/3) Vaults:2     Depths (4/4) D:15            Zot (5/5) Depths:4
 WizLab (visited)         Gauntlet (visited)

Altars:
Ashenzari
Cheibriados
Dithmenos
Elyvilon
Fedhas
Gozag
Hepliaklqana
Makhleb
Nemelex Xobeh
Okawaru
Qazlal
Ru
Trog
Uskayaw
Wu Jian
Xom
Yredelemnul
Zin
The Shining One
Jiyva

Shops:
D:1 (   D:8 [   D:9 !   D:12 ?   Orc:2 *(==(=([   Shoals:3 [   Shoals:4 (
Vaults:3 *   Vaults:4 *

Portals:
Hell: Depths:1 Depths:2 Depths:3 Depths:4
Abyss: Vaults:1 Depths:1 Depths:3
Pandemonium: Depths:2
Ziggurat: Depths:2

Annotations:
D:6 exclusion: 2 upstairs
D:7 exclusion: 3 upstairs
D:8 3 runed translucent doors, Athor's ghost, novice FoGl
D:10 exclusion: 2 upstairs
D:11 exclusion: 3 upstairs
D:13 exclusion: 2 upstairs
D:14 exclusion: 2 upstairs
D:15 exclusion: 3 upstairs
Vaults:1 2 transporters, jujucrawl's ghost, adept TrGl
Vaults:2 Mennas
Vaults:4 36 runed doors
Depths:2 exclusion: 2 upstairs
Depths:3 exclusions: cactus giant and 2 upstairs
Depths:4 exclusion: 3 upstairs


Innate Abilities, Weirdness & Mutations

You are immune to sickness and miasma.
You are immune to poison.
Your flesh is very heat resistant. (rF++)
You are vulnerable to cold. (rC-)
You float through the air rather than walking.
You learn spells naturally, not from books.
Your magical power is your life essence.
You have superior vitality. (+4 MHP)
Your mind is acute. (Int +4, Str/Dex -1)
Your spells are a little harder to cast, but a little more powerful.


Message History

You fly upwards.
Level annotation: exclusion: 2 upstairs
There is a stone staircase leading down here.
You regained 4 hp, and now have 208/228 hp.
There is a stone staircase leading up here.
You regained 16 hp, and now have 224/228 hp.
You fly upwards.
There is a stone staircase leading down here.
Health restored: 228 You sense a monster nearby.
There is a stone staircase leading up here.
You fly upwards.
There is a stone staircase leading down here.
There is a stone staircase leading up here.
You fly upwards.
There is a stone staircase leading down here.
A lorocyproca comes into view.
You shoot an arrow.
The arrow pierces through the lorocyproca!!
The lorocyproca is heavily wounded.
You shoot an arrow.
The arrow pierces through the lorocyproca!!
The lorocyproca is almost dead.
You shoot an arrow.
The arrow pierces through the lorocyproca!!
You kill the lorocyproca!
There is an escape hatch in the ceiling here.
A mysterious force pulls you upwards. The hatch slams shut behind you.
A rust devil comes into view.
You shoot an arrow.
The arrow pierces through the rust devil!!
The rust devil is heavily wounded.
You shoot an arrow.
The arrow pierces through the rust devil!!
You kill the rust devil!
There is a stone staircase leading up here.
You fly upwards.
There is a stone staircase leading down here.
There is a staircase leading out of the dungeon here.
You have escaped!

##### ######.@.######
###.............##### ###
#####..............[..#.# #.#
#...'.................+.# #.#
#.###.................#.####.#
#.# ###.............#.#......#
#.# ###.........####..####.#
####.# ###.....### ###..##.#
.....# ###.........###
####...#


There were no monsters in sight!

Vanquished Creatures
  A dread lich (Zot:5)
  3 orbs of fire (Zot:5)
  Sojobo (Depths:3)
  4 Killer Klowns (Zot:5)
  2 caustic shrikes (Depths:4)
  4 golden dragons
  Jory (Vaults:4)
  Nikola (Vaults:2)
  A Brimstone Fiend (D:11)
  An electric golem (Zot:5)
  Jorgrun (D:14)
  4 liches
  Asterion (Vaults:1)
  5 tentacled monstrosities
  Rupert (D:14)
  14 Orb Guardians
  5 quicksilver dragons
  A walking divine tome (WizLab)
  A death cob (Zot:1)
  The ghost of Dirtsage the Black Belt, an adept OpTm of the Shining One (Depths:1)
  5 krakens (Shoals:1)
  5 titans
  Polyphemus (Shoals:2)
  6 sphinxes
  11 tengu reavers
  8 storm dragons
  4 shadow dragons
  6 fire giants
  A strange machine (WizLab)
  A draconian monk (Zot:1)
  2 draconian knights
  An iron dragon (Depths:3)
  15 vault wardens
  Louise (Spider:1)
  An emperor scorpion (Spider:1)
  A deep elf sorcerer (Vaults:5)
  6 frost giants
  2 ghost moths
  A balrug (Depths:1)
  An orc warlord (Vaults:4)
  A ghoul (Vaults:2)
  A cacodemon (Depths:1)
  2 draconian shifters
  A draconian stormcaller (Zot:3)
  3 vampire knights
  4 spriggan defenders
  8 draconian annihilators
  7 ironbound thunderhulks
  A broodmother (shapeshifter) (Vaults:5)
  14 stone giants
  6 broodmothers
  10 ironbound preservers
  8 very ugly things
  4 deep elf demonologists (Vaults:5)
  8 purple draconians
  A deep elf annihilator (Vaults:5)
  A lorocyproca (D:3)
  7 green draconians
  3 black draconians
  15 spark wasps
  3 white draconians
  7 dire elephants
  8 red draconians
  5 yellow draconians
  Josephine (D:9)
  2 jiangshi (Depths:2)
  8 ettins
  6 merfolk javelineers
  18 merfolk impalers
  7 yaktaur captains
  8 fire dragons
  Harold (D:9)
  5 entropy weavers
  5 great orbs of eyes
  9 rakshasas
  6 spriggan air magi
  8 hydras
  6 ice dragons
  An ogre mage (Vaults:5)
  37 vault guards
  A peacekeeper (Vaults:1)
  2 catoblepae
  A radroach (Spider:3)
  7 merfolk avatars
  8 centaur warriors
  3 ironbound frosthearts (Vaults:1)
  A death knight (Vaults:2)
  3 jorogumos
  9 boulder beetles
  Erica (D:9)
  4 merfolk aquamancers
  5 dancing weapons (WizLab)
  2 satyrs
  4 two-headed ogres
  3 deep troll earth magi
  5 spriggan berserkers
  4 alligator snapping turtles
  7 tengu warriors
  A vampire mage (Depths:2)
  20 death yaks
  3 deep troll shamans
  Urug (D:14)
  Nergalle (D:9)
  4 pharaoh ants
  A sun demon (Depths:1)
  14 skeletal warriors
  2 sun moths (Spider:1)
  2 iron trolls (Depths:4)
  A shadow demon (D:7)
  7 orb spiders
  41 deep trolls
  Lodul (D:14)
  An orb spider (shapeshifter) (Depths:3)
  13 sea snakes
  3 glowing orange brains
  A bog body (D:12)
  20 ironbound convokers
  3 steelbarb worms
  A swamp dragon (shapeshifter) (Vaults:5)
  4 wizards
  7 phantasmal warriors
  13 harpies
  12 lindwurms
  A necromancer (Depths:2)
  2 deep elf pyromancers
  7 orc knights
  A mana viper (shapeshifter) (Depths:4)
  An iron dragon zombie (Depths:2)
  16 wolf spiders
  11 fauns
  35 ugly things
  A shining eye (shapeshifter) (Vaults:5)
  10 orc sorcerers (Orc:2)
  14 moths of wrath
  11 cyclopes
  An oklob plant (Lair:5)
  A salamander (D:15)
  A rust devil (D:2)
  11 vault sentinels
  An ice statue (Lair:4)
  9 merfolk sirens
  19 elephants
  15 manticores
  Joseph (D:9)
  8 torpor snails
  A smoke demon (Depths:1)
  8 water nymphs
  7 black mambas
  11 cane toads
  10 demonic crawlers
  5 centaur zombies (D:10)
  A titan simulacrum (Depths:2)
  3 gargoyles
  An unseen horror zombie (D:10)
  An unseen horror (D:8)
  A hellion (D:11)
  6 komodo dragons
  3 rime drakes
  16 yaktaurs
  A rime drake (shapeshifter) (Depths:3)
  3 freezing wraiths
  8 tengu conjurers
  An ice devil (D:12)
  3 efreet
  44 merfolk
  12 hornets
  9 polar bears
  Prince Ribbit (D:7)
  3 meliai (D:13)
  23 tarantellas
  4 trolls
  9 blink frogs (Lair:4)
  Grinder (D:6)
  6 wind drakes
  2 dream sheep (Shoals:2)
  24 slime creatures
  13 snapping turtles
  Sigmund (D:6)
  26 culicivoras
  5 shadows
  14 spriggans
  21 jumping spiders
  4 vampires
  2 slime creatures (shapeshifter)
  A yak (shapeshifter) (Vaults:5)
  11 water elementals
  4 wyverns
  35 yaks
  13 wraiths
  2 basilisks
  16 humans (D:14)
  A death yak simulacrum (D:12)
  43 redbacks
  A chaos spawn (Depths:2)
  2 steam dragons
  A neqoxec (Zot:5)
  A harpy simulacrum (D:12)
  11 vampire mosquitoes
  8 wargs
  3 acid dragons
  16 water moccasins
  2 floating eyes
  A floating eye (shapeshifter) (Depths:2)
  21 orc warriors
  A swamp drake (D:9)
  5 black bears
  10 ice beasts
  6 boggarts
  15 ogres
  3 sky beasts (D:7)
  15 centaurs
  30 wolves
  2 phantoms
  14 bullfrogs
  5 kobold brigands
  4 necrophages
  Blork the orc (D:4)
  A two-headed ogre simulacrum (D:12)
  4 scorpions
  4 gnoll sergeants
  5 wights
  11 killer bees
  4 electric eels
  11 howler monkeys
  21 orc priests
  4 hounds
  3 gnoll boudas
  9 jellies
  6 iguanas
  47 orc wizards
  5 hell rats (Lair:1)
  A polar bear simulacrum (D:12)
  2 troll simulacra (D:12)
  2 howler monkey zombies (D:10)
  30 gnolls
  10 adders
  2 naga simulacra (D:12)
  4 river rats (Lair:1)
  3 shadow imps
  7 white imps
  3 ufetubi
  2 worms
  3 dart slugs
  90 orcs
  4 endoplasms
  6 giant cockroaches
  9 hobgoblins
  7 jackals
  20 kobolds
  8 quokkas
  12 ball pythons
  12 bats
  2 frilled lizards (D:3)
  10 goblins
  A goblin skeleton (D:5)
  A goblin zombie (D:5)
  3 hobgoblin zombies (D:5)
  13 rats
  A bush (Lair:2)
  6 tentacles (Shoals:1)
  A toadstool (Depths:1)
1840 creatures vanquished.

Vanquished Creatures (collateral kills)
  A dread lich (Zot:5)
  2 ancient liches
  An orb of fire (Zot:5)
  6 Killer Klowns (Zot:5)
  2 caustic shrikes (Depths:4)
  4 golden dragons
  An electric golem (Zot:5)
  2 hellephants
  7 tentacled monstrosities
  A lich (Vaults:5)
  4 titans
  11 Orb Guardians (Zot:5)
  A quicksilver dragon (Zot:1)
  4 death cobs
  A sphinx (Vaults:1)
  2 eldritch tentacles
  5 storm dragons
  2 tengu reavers
  2 shadow dragons
  2 fire giants (Vaults:5)
  An emperor scorpion (Spider:4)
  A deep elf sorcerer (Vaults:5)
  2 vault wardens (Vaults:5)
  A draconian shifter (Zot:4)
  A frost giant (Depths:1)
  A ghoul (Vaults:2)
  A broodmother (Spider:4)
  3 ironbound preservers
  3 stone giants
  A war gargoyle (Vaults:5)
  2 very ugly things
  A vampire knight (Depths:2)
  3 ironbound thunderhulks
  2 spark wasps
  3 green draconians
  4 black draconians
  3 white draconians
  3 purple draconians
  2 yellow draconians
  5 red draconians
  A deep elf annihilator (Vaults:5)
  7 dire elephants (Depths:2)
  2 ettins
  A fire dragon (Depths:3)
  A hydra (shapeshifter) (Depths:3)
  An entropy weaver (Spider:4)
  An ice dragon (Depths:4)
  A yaktaur captain (Vaults:4)
  4 rakshasas
  A spriggan air mage (Depths:2)
  2 ironbound frosthearts (Vaults:1)
  2 boulder beetles (Spider:3)
  A radroach (Spider:3)
  An anaconda (shapeshifter) (Depths:4)
  5 dancing weapons (WizLab)
  A tengu warrior (Depths:2)
  3 deep troll earth magi
  A titan zombie (Depths:2)
  2 shadow wraiths
  A spriggan (Depths:2)
  2 orb spiders
  2 iron trolls
  A sun moth (Spider:3)
  12 deep trolls
  2 steelbarb worms
  A flayed ghost (Depths:3)
  An ironbound convoker (Vaults:1)
  A wizard (Vaults:1)
  A phantasmal warrior (Vaults:5)
  An orc knight (Vaults:5)
  6 ugly things
  A necromancer (Vaults:1)
  4 wolf spiders (Spider:3)
  4 moths of wrath
  A demonic crawler (Spider:3)
  3 orange demons (Depths:1)
  A tengu conjurer (Depths:1)
  8 yaktaurs
  A tarantella (Spider:4)
  A hornet (Depths:2)
  A culicivora (Spider:3)
  6 jumping spiders (Spider:3)
  2 slime creatures (Vaults:1)
  A shapeshifter (Zot:1)
  A water elemental (Depths:2)
  5 redbacks
  A glowing shapeshifter zombie (Depths:2)
  A human zombie (Depths:2)
  A water moccasin (shapeshifter) (Depths:3)
  An orc (Vaults:5)
  A foxfire (D:10)
  2 tentacles (Shoals:1)
220 creatures vanquished.

Vanquished Creatures (others)
  An Orb Guardian (Zot:5)
  26 eldritch tentacles
  A tengu reaver (Vaults:5)
  A redback (Spider:4)
  An orc (Orc:2)
  4 fire vortices (Zot:5)
  882 foxfires
  108 fungi
  155 plants
  45 tentacles (Shoals:1)
  3 toadstools (Depths:1)
  3 withered plants (D:10)
1230 creatures vanquished.

Grand Total: 3290 creatures vanquished

Notes
Turn   | Place    | Note
-------+----------+-------------------------------------------
     0 | D:1      | mrw0lf the Djinni Fire Elementalist began the quest for the
                  | Orb.
     0 | D:1      | mrw0lf set off with the following spells memorised:
                  | Foxfire, Scorch, Kindle Blastsparks, Inner Flame, Flame
                  | Wave.
     0 | D:1      | Reached XP level 1. HP: 15/15 MP: 0/0
    97 | D:1      | Found Xenuyc's Antique Weapon Shop.
   243 | D:1      | Reached XP level 2. HP: 18/21 MP: 0/0
   498 | D:1      | Reached XP level 3. HP: 17/25 MP: 0/0
   498 | D:1      | Learned a level 1 spell: Summon Small Mammal
  1478 | D:2      | Reached XP level 4. HP: 28/31 MP: 0/0
  1839 | D:2      | Reached XP level 5. HP: 29/35 MP: 0/0
  1839 | D:2      | Learned a level 2 spell: Searing Ray
  1925 | D:2      | Identified the +0 cloak "Wiwe" {+Blink}
  2415 | D:3      | Noticed a phantom
  2420 | D:3      | Killed a phantom
  2441 | D:3      | Reached XP level 6. HP: 36/40 MP: 0/0
  2537 | D:3      | Reached skill level 5 in Spellcasting
  2729 | D:3      | Found an opulent altar of Gozag.
  3170 | D:4      | Reached XP level 7. HP: 28/45 MP: 0/0
  3170 | D:4      | Learned a level 2 spell: Blink
  3237 | D:4      | Found a staircase to the Ecumenical Temple.
  3247 | Temple   | Entered the Ecumenical Temple
  3446 | Temple   | Became a worshipper of Ashenzari the Shackled
  3693 | D:4      | Found a burning altar of Makhleb.
  3701 | D:4      | Noticed Blork the orc
  3711 | D:4      | Killed Blork the orc
  3748 | D:4      | Found a blossoming altar of Fedhas.
  3908 | D:4      | Found an iron altar of Okawaru.
  3952 | D:4      | Found a sparkling altar of Nemelex Xobeh.
  4343 | D:5      | Entered Level 5 of the Dungeon
  4354 | D:4      | Reached skill level 1 in Fighting
  4354 | D:4      | Reached XP level 8. HP: 20/52 MP: 0/0
  5091 | D:5      | Reached XP level 9. HP: 44/60 MP: 0/0
  5091 | D:5      | Learned a level 3 spell: Confusing Touch
  5518 | D:5      | Found a sacrificial altar of Ru.
  5576 | D:5      | Found a glowing golden altar of the Shining One.
  5652 | D:6      | Noticed Sigmund
  5659 | D:6      | Killed Sigmund
  5894 | D:6      | Reached skill level 5 in Fighting
  6074 | D:6      | Noticed Grinder
  6082 | D:6      | Killed Grinder
  6578 | D:6      | Reached XP level 10. HP: 44/73 MP: 0/0
  7155 | D:7      | Noticed Prince Ribbit
  7161 | D:7      | Killed Prince Ribbit
  7171 | D:7      | Reached * piety under Ashenzari
  7927 | D:8      | Found a bloodstained altar of Trog.
  7943 | D:8      | Reached skill level 10 in Spellcasting
  7980 | D:8      | Found a runed translucent gate.
  7982 | D:8      | Reached ** piety under Ashenzari
  8006 | D:8      | Found a runed translucent gate.
  8006 | D:8      | Found a runed translucent gate.
  8006 | D:8      | Noticed Athor's ghost (novice FoGl)
  8112 | D:8      | Noticed a cyclops
  8112 | D:8      | Noticed a cyclops
  8112 | D:8      | Noticed a manticore
  8113 | D:8      | Noticed a centaur warrior
  8119 | D:8      | Killed a cyclops
  8119 | D:8      | Killed a cyclops
  8120 | D:8      | Reached XP level 11. HP: 44/89 MP: 0/0
  8120 | D:8      | Learned a level 5 spell: Agony
  8120 | D:8      | Killed a manticore
  8120 | D:8      | Killed a centaur warrior
  8121 | D:8      | Reached skill level 10 in Fighting
  8355 | D:8      | Noticed a cyclops
  8360 | D:8      | Killed a cyclops
  9485 | D:8      | Found Goceimeh's Armour Shoppe.
  9504 | D:8      | Bought the +1 leather armour "Vuassien" {Regen+ Str+2 Dex+5
                  | Stlth-} for 382 gold pieces
  9632 | D:8      | Found a staircase to the Lair.
  9718 | D:8      | Noticed a skeletal warrior
  9950 | D:9      | Identified a scroll of acquirement
 10067 | D:9      | Reached XP level 12. HP: 84/102 MP: 0/0
 10198 | D:9      | Found Dofoxiac's Distillery.
 10215 | D:9      | Acquired a +1 antimagic hand crossbow
 10218 | D:9      | Reached *** piety under Ashenzari
 10248 | D:9      | Found a stormy altar of Qazlal.
 10276 | D:9      | Reached skill level 1 in Ranged Weapons
 10286 | D:9      | Noticed Joseph
 10295 | D:9      | Killed Joseph
 10666 | D:9      | Found a staircase to the Orcish Mines.
 10785 | D:10     | Entered Level 10 of the Dungeon
 10785 | D:10     | Identified the +11 mace "Earthworm" {drain, rN+}
 11051 | D:10     | Noticed Erica
 11168 | D:10     | Reached skill level 5 in Ranged Weapons
 11547 | D:9      | Killed Erica
 11762 | D:10     | Found a basalt altar of Yredelemnul.
 11797 | D:10     | Found an ornate altar of the Wu Jian Council.
 12056 | D:11     | Noticed a two-headed ogre
 12129 | D:11     | Noticed a two-headed ogre
 12146 | D:10     | Killed a two-headed ogre
 12191 | D:11     | Found a gate leading to a gauntlet.
 12203 | Gauntlet | Entered a Gauntlet
 12203 | Gauntlet | Found a transporter.
 12212 | Gauntlet | Found a transporter.
 12213 | Gauntlet | Noticed a death drake
 12229 | Gauntlet | Found a transporter.
 12229 | Gauntlet | Noticed an orb spider
 12229 | Gauntlet | an orb spider changed into a swamp worm
 12233 | Gauntlet | Found a transporter.
 12233 | Gauntlet | an elephant changed into a swamp dragon
 12233 | Gauntlet | Noticed a swamp dragon (shapeshifter)
 12242 | Gauntlet | Noticed a six-headed hydra
 12243 | Gauntlet | a steelbarb worm changed into a sea snake
 12243 | Gauntlet | Noticed a sea snake (glowing shapeshifter)
 12254 | Gauntlet | Found a transporter.
 12256 | Gauntlet | Identified the +2 pair of boots of Terie {Dex+8}
 12264 | Gauntlet | Noticed a dire elephant
 12267 | Gauntlet | Found a transporter.
 12269 | Gauntlet | Identified the +3 glaive of the Original Sin {chaos, rC++}
 12280 | Gauntlet | Noticed a glowing orange brain
 12281 | Gauntlet | Found a transporter.
 12291 | Gauntlet | Noticed a glowing orange brain
 12310 | Gauntlet | Found a transporter.
 12310 | Gauntlet | Found a transporter.
 12317 | Gauntlet | Found a transporter.
 12337 | Gauntlet | Identified the +0 helmet "Koteg" {rF+ rC+ Dex-5}
 12338 | Gauntlet | Identified the +0 cloak "Keodd" {rElec Will- Str+4 Int+3}
 12348 | Gauntlet | Found a transporter.
 12348 | Gauntlet | Found a transporter.
 12381 | Gauntlet | Noticed a shock serpent
 12382 | Gauntlet | a shock serpent changed into a floating eye
 12395 | Gauntlet | a cyclops changed into a deep troll
 12395 | Gauntlet | Noticed a deep troll (glowing shapeshifter)
 12400 | Gauntlet | a deep troll changed into a lindwurm
 12402 | Gauntlet | a lindwurm changed into a sea snake
 12402 | Gauntlet | Noticed a sea snake (glowing shapeshifter)
 12404 | Gauntlet | a sea snake changed into a death drake
 12404 | Gauntlet | Noticed a death drake (glowing shapeshifter)
 12407 | Gauntlet | a death drake changed into a swamp dragon
 12407 | Gauntlet | Noticed a swamp dragon (glowing shapeshifter)
 12442 | Gauntlet | Noticed a swamp dragon
 12453 | Gauntlet | Noticed a glowing orange brain
 12453 | Gauntlet | a glowing orange brain changed into a glowing shapeshifter
 12456 | Gauntlet | a swamp dragon changed into a tarantella
 12466 | Gauntlet | a lindwurm changed into a death drake
 12466 | Gauntlet | Noticed a death drake (glowing shapeshifter)
 12470 | Gauntlet | a death drake changed into a redback
 12471 | Gauntlet | a komodo dragon changed into a shock serpent
 12471 | Gauntlet | Noticed a shock serpent (shapeshifter)
 12472 | Gauntlet | a redback changed into a swamp dragon
 12472 | Gauntlet | Noticed a swamp dragon (glowing shapeshifter)
 12475 | Gauntlet | a swamp dragon changed into a tarantella
 12557 | Gauntlet | a cyclops changed into a glowing orange brain
 12557 | Gauntlet | Noticed a glowing orange brain (glowing shapeshifter)
 12564 | Gauntlet | a glowing orange brain changed into a faun
 12570 | Gauntlet | a swamp worm changed into a shock serpent
 12570 | Gauntlet | Noticed a shock serpent (shapeshifter)
 12571 | Gauntlet | a shock serpent changed into a sea snake
 12571 | Gauntlet | Noticed a sea snake (shapeshifter)
 12578 | Gauntlet | a faun changed into a swamp dragon
 12578 | Gauntlet | Noticed a swamp dragon (glowing shapeshifter)
 12583 | Gauntlet | a swamp dragon changed into a moth of wrath
 12616 | Gauntlet | Noticed an orb spider
 12617 | Gauntlet | a swamp worm changed into a sea snake
 12617 | Gauntlet | Noticed a sea snake (glowing shapeshifter)
 12619 | Gauntlet | a sea snake changed into a bunyip
 12619 | Gauntlet | Noticed a bunyip (glowing shapeshifter)
 12619 | Gauntlet | an orb spider changed into a torpor snail
 12620 | Gauntlet | a bunyip changed into a ghost moth
 12620 | Gauntlet | Noticed a ghost moth (glowing shapeshifter)
 12623 | Gauntlet | a ghost moth changed into a tyrant leech
 12625 | Gauntlet | a tyrant leech changed into a four-headed hydra
 12625 | Gauntlet | Noticed a four-headed hydra (glowing shapeshifter)
 12626 | Gauntlet | a four-headed hydra changed into a quicksilver ooze
 12626 | Gauntlet | Noticed a quicksilver ooze (glowing shapeshifter)
 12784 | D:11     | Reached XP level 13. HP: 98/111 MP: 0/0
 12784 | D:11     | Learned a level 5 spell: Silence
 13428 | D:8      | Reached skill level 1 in Shields
 13485 | Lair:1   | Entered Level 1 of the Lair of Beasts
 14594 | Lair:2   | Identified the +1 plate armour of the Orange Skies {MP+9
                  | Dex+4}
 14798 | Lair:2   | Reached skill level 10 in Ranged Weapons
 15107 | Lair:2   | Found a staircase to the Shoals.
 15683 | Lair:3   | Reached skill level 5 in Shields
 16061 | Lair:3   | Reached XP level 14. HP: 117/117 MP: 0/0
 16253 | Lair:3   | Found a hole to the Spider Nest.
 17890 | Lair:4   | Found the ring of Shadows {Umbra +Inv Stlth+}
 18295 | Lair:5   | Entered Level 5 of the Lair of Beasts
 18612 | Lair:5   | Found a viscous altar of Jiyva.
 18612 | Lair:5   | Found a staircase to the Slime Pits.
 18697 | Lair:5   | Acquired a manual of Armour
 18699 | Lair:5   | Acquired the +8 storm bow {elec, penet}
 18699 | Lair:5   | Found the +8 storm bow {elec, penet}
 18801 | Lair:5   | Reached skill level 1 in Armour
 18896 | Lair:5   | Reached skill level 2 in Armour
 18944 | Lair:5   | Reached XP level 15. HP: 63/124 MP: 0/0
 18944 | Lair:5   | Learned a level 6 spell: Summon Cactus Giant
 18994 | Lair:5   | Reached skill level 3 in Armour
 19138 | Lair:5   | Reached skill level 4 in Armour
 19196 | Lair:5   | Reached skill level 5 in Armour
 19248 | Lair:5   | Reached skill level 6 in Armour
 19277 | Lair:5   | Reached **** piety under Ashenzari
 19277 | Lair:5   | Reached ***** piety under Ashenzari
 19810 | Lair:5   | Found the +5 glaive of the Guard {elec, spectral, AC+5}
 20260 | D:12     | Found Fotiax's Magic Scroll Emporium.
 20269 | D:12     | Bought a scroll of teleportation for 45 gold pieces
 20347 | D:8      | Bought a +2 cloak of preservation for 301 gold pieces
 20993 | D:13     | Reached skill level 15 in Ranged Weapons
 21542 | D:12     | Reached XP level 16. HP: 124/130 MP: 0/0
 22054 | D:12     | Identified the amulet "Kuxin" {rC++ Will+ Regen+ MP+9
                  | Str+4}
 22577 | Orc:1    | Entered Level 1 of the Orcish Mines
 22606 | Orc:1    | Noticed Harold
 22622 | Orc:1    | Noticed Josephine
 22629 | Orc:1    | Noticed Nergalle
 22649 | D:9      | Killed Josephine
 22717 | D:9      | Killed Harold
 22848 | D:9      | Killed Nergalle
 23222 | Orc:2    | Entered Level 2 of the Orcish Mines
 23320 | Orc:2    | Found Ewuinykh's Antique Weapon Shoppe.
 23363 | Orc:2    | Found Ecuontig's Antique Weapon Shoppe.
 23507 | Orc:2    | Found a staircase to the Elven Halls.
 23624 | Orc:2    | Found Gyrial's Armour Boutique.
 23730 | Orc:2    | Found Vuanain's Weapon Shoppe.
 23730 | Orc:2    | Found Nulewkih's Jewellery Shop.
 23904 | Orc:2    | Found Tuetempu's Jewellery Shoppe.
 23904 | Orc:2    | Found Yntal's Jewellery Shop.
 23947 | Orc:2    | Found Yppelab's Overcharged Wands.
 24261 | D:14     | Noticed Rupert
 24261 | D:14     | Noticed Urug
 24261 | D:14     | Found a gate to the Vaults.
 24391 | D:14     | Killed Urug
 24404 | D:14     | Noticed Jorgrun
 24411 | D:14     | Killed Jorgrun
 24559 | D:14     | Killed Rupert
 24941 | D:14     | Reached XP level 17. HP: 134/134 MP: 0/0
 24941 | D:14     | Learned a level 6 spell: Eringya's Noxious Bog
 25091 | D:14     | Noticed Lodul
 25095 | D:14     | Killed Lodul
 25096 | D:14     | Reached skill level 5 in Dodging
 25166 | D:14     | Identified the +4 trident "Ogrebane" {speed, Will+ Int+6
                  | Dex+4}
 25427 | D:15     | Entered Level 15 of the Dungeon
 25723 | D:15     | Found a staircase to the Depths.
 26134 | D:15     | Reached skill level 5 in Stealth
 26518 | Shoals:1 | Entered Level 1 of the Shoals
 26612 | Shoals:1 | Reached skill level 1 in Evocations
 26627 | Shoals:1 | Noticed a kraken
 26711 | Shoals:1 | Killed a kraken
 26744 | Shoals:1 | Noticed a kraken
 26786 | Shoals:1 | Killed a kraken
 26803 | Shoals:1 | Noticed a kraken
 26816 | Shoals:1 | Killed a kraken
 27027 | Shoals:1 | Noticed a kraken
 27044 | Shoals:1 | Killed a kraken
 27265 | Shoals:1 | Noticed a kraken
 27280 | Shoals:1 | Killed a kraken
 27644 | Shoals:1 | Found a runed translucent door.
 27763 | Shoals:1 | Reached XP level 18. HP: 141/141 MP: 0/0
 28552 | Shoals:2 | Noticed Polyphemus
 28570 | Shoals:2 | Killed Polyphemus
 28657 | Shoals:2 | Reached skill level 5 in Evocations
 29434 | Shoals:3 | Found Hilymeeh's Armour Emporium.
 29648 | Shoals:4 | Entered Level 4 of the Shoals
 29923 | Shoals:4 | Found the +2 cloak of the Thief {*Fog Slay-2 SInv Stlth+}
 30141 | Shoals:4 | Found Qaeci's Weapon Shoppe.
 30373 | Shoals:4 | Got a barnacled rune of Zot
 30516 | Shoals:4 | Reached XP level 19. HP: 155/155 MP: 0/0
 30516 | Shoals:4 | Learned a level 7 spell: Summon Hydra
 30727 | Shoals:4 | Reached skill level 10 in Dodging
 31065 | Shoals:4 | Found the +0 staff of Battle
 31572 | Spider:1 | Entered Level 1 of the Spider Nest
 31807 | Spider:1 | Noticed Louise
 31823 | Spider:1 | Killed Louise
 34602 | Spider:4 | Entered Level 4 of the Spider Nest
 34706 | Spider:4 | Reached XP level 20. HP: 116/166 MP: 0/0
 35090 | Spider:4 | Reached skill level 15 in Fighting
 35714 | Spider:4 | Found the +2 pair of slick slippers {slick, slippery, EV+5}
 35725 | Spider:4 | Got a gossamer rune of Zot
 35827 | Spider:4 | Reached XP level 21. HP: 173/173 MP: 0/0
 35827 | Spider:4 | Learned a level 8 spell: Ignition
 36425 | Orc:2    | Bought a +0 pair of gloves of dexterity for 161 gold pieces
 36951 | Vaults:1 | Entered Level 1 of the Vaults
 37114 | Vaults:1 | Noticed Asterion
 37131 | Vaults:1 | Killed Asterion
 37965 | Vaults:1 | Reached skill level 10 in Evocations
 38009 | Vaults:1 | Found a transporter.
 38013 | Vaults:1 | Found a transporter.
 38014 | Vaults:1 | Found a one-way gate to the infinite horrors of the Abyss.
 38014 | Vaults:1 | Noticed jujucrawl's ghost (adept TrGl)
 38480 | Vaults:2 | Noticed Nikola
 38492 | Vaults:2 | Killed Nikola
 38519 | Vaults:2 | Reached XP level 22. HP: 154/180 MP: 0/0
 38683 | Vaults:2 | Found a magical portal.
 38689 | WizLab   | Entered Tukima's Studio
 39098 | WizLab   | Identified the +0 pair of boots of Qiegruec {rPois rC-
                  | Will+ Str+3}
 39479 | Vaults:2 | Found a staircase to the Crypt.
 39660 | Vaults:2 | Noticed Mennas
 40367 | Vaults:3 | Found Luluitsi's Assorted Antiques.
 40885 | Vaults:3 | Reached skill level 15 in Spellcasting
 41092 | Vaults:3 | Identified the +4 ice dragon scales "Earthly Heaven" {Fly
                  | rF- rC++ Dex-2 SInv}
 41436 | Vaults:4 | Found a huge runed gate.
 41436 | Vaults:4 | Found a huge runed gate.
 41436 | Vaults:4 | Found a huge runed gate.
 41436 | Vaults:4 | Found a huge runed gate.
 41437 | Vaults:4 | Found a huge runed gate.
 41437 | Vaults:4 | Found a huge runed gate.
 41437 | Vaults:4 | Found a huge runed gate.
 41438 | Vaults:4 | Found a huge runed gate.
 41438 | Vaults:4 | Found a huge runed gate.
 41438 | Vaults:4 | Found a huge runed gate.
 41442 | Vaults:4 | Found a huge runed gate.
 41442 | Vaults:4 | Found a huge runed gate.
 41442 | Vaults:4 | Found a huge runed gate.
 41442 | Vaults:4 | Found a huge runed gate.
 41442 | Vaults:4 | Found a huge runed gate.
 41442 | Vaults:4 | Found a huge runed gate.
 41443 | Vaults:4 | Found a huge runed gate.
 41444 | Vaults:4 | Found a huge runed gate.
 41445 | Vaults:4 | Found a huge runed gate.
 41447 | Vaults:4 | Identified the -2 helmet "Ydudieng" {MP-9 Str+4}
 41454 | Vaults:4 | Found a huge runed gate.
 41454 | Vaults:4 | Found a huge runed gate.
 41454 | Vaults:4 | Found a huge runed gate.
 41454 | Vaults:4 | Found a huge runed gate.
 41454 | Vaults:4 | Found a huge runed gate.
 41454 | Vaults:4 | Found a huge runed gate.
 41455 | Vaults:4 | Found a huge runed gate.
 41576 | Vaults:4 | Noticed Jory
 41584 | Vaults:4 | Killed Jory
 41629 | Vaults:4 | Found Nelis's Assorted Antiques.
 41743 | Vaults:4 | Reached XP level 23. HP: 189/189 MP: 0/0
 41743 | Vaults:4 | Learned a level 7 spell: Malign Gateway
 41949 | Vaults:4 | Found a huge runed gate.
 41949 | Vaults:4 | Found a huge runed gate.
 41953 | Vaults:4 | Found a huge runed gate.
 41953 | Vaults:4 | Found a huge runed gate.
 41953 | Vaults:4 | Found a huge runed gate.
 41953 | Vaults:4 | Found a huge runed gate.
 41953 | Vaults:4 | Found a huge runed gate.
 41953 | Vaults:4 | Found a huge runed gate.
 41954 | Vaults:4 | Found a huge runed gate.
 41955 | Vaults:4 | Found a huge runed gate.
 42060 | Vaults:4 | Reached ****** piety under Ashenzari
 42664 | D:15     | Acquired 1006 gold pieces
 42682 | Depths:1 | Entered Level 1 of the Depths
 42829 | Depths:1 | Found a flickering gateway to a bazaar.
 42852 | Bazaar   | Entered a bazaar
 42852 | Bazaar   | Found Wanire's Magic Scroll Shop.
 42864 | Bazaar   | Bought a scroll of fog for 48 gold pieces
 42866 | Bazaar   | Found Ysoagov's Magic Scroll Boutique.
 42870 | Bazaar   | Bought a scroll of summoning for 85 gold pieces
 42870 | Bazaar   | Bought a scroll of teleportation for 27 gold pieces
 42870 | Bazaar   | Bought 2 scrolls of teleportation for 54 gold pieces
 42870 | Bazaar   | Bought a scroll of blinking for 67 gold pieces
 42870 | Bazaar   | Bought a scroll of fear for 36 gold pieces
 42871 | Bazaar   | Found Ybuqiagu's Jewellery Emporium.
 42898 | Bazaar   | Found Soqag's Armour Shoppe.
 42906 | Bazaar   | Found Xuyv Sish's General Store.
 42914 | Bazaar   | Bought a potion of brilliance for 40 gold pieces
 42914 | Bazaar   | Bought a potion of might for 40 gold pieces
 42914 | Bazaar   | Bought a potion of resistance for 100 gold pieces
 42914 | Bazaar   | Bought a potion of heal wounds for 50 gold pieces
 43304 | Depths:1 | Identified the +6 quarterstaff "Edghum" {speed, rC- Will++}
 43325 | Depths:1 | Found a gateway to Hell.
 43327 | Depths:1 | Identified the +7 glaive "Kizxy" {pain, rC- Dex+7}
 43415 | Depths:1 | Found a large runed translucent door.
 43416 | Depths:1 | Found a large runed translucent door.
 43418 | Depths:1 | Noticed Dirtsage's ghost (adept OpTm)
 43624 | Depths:1 | Killed Dirtsage's ghost
 44154 | Depths:2 | Reached skill level 15 in Dodging
 44183 | Depths:2 | Found a one-way gateway to a ziggurat.
 44463 | Depths:2 | Acquired a manual of Armour
 44627 | Depths:2 | Found a one-way gate leading to the halls of Pandemonium.
 44938 | Depths:3 | Noticed Sojobo
 44942 | Depths:3 | Reached XP level 24. HP: 165/203 MP: 0/0
 44944 | Depths:3 | Killed Sojobo
 45043 | Depths:3 | Noticed a golden dragon
 45046 | Depths:3 | Reached skill level 7 in Armour
 45055 | Depths:3 | Killed a golden dragon
 45083 | Depths:3 | Identified the +3 scale mail of Imperfection {rElec Dex+6
                  | Stlth+}
 45172 | Depths:3 | Found the brooch of Shielding {Spirit SH+8}
 45221 | Depths:3 | Reached skill level 8 in Armour
 45295 | Depths:3 | Identified the Precepts of Violent Vitiation
 45335 | Depths:3 | Reached skill level 9 in Armour
 45460 | Depths:3 | Reached skill level 10 in Armour
 45670 | Depths:3 | Identified the +1 leather armour of the Guilds {rC- Str+3
                  | Int-2 Dex+7}
 45703 | Depths:3 | Reached skill level 11 in Armour
 45883 | Depths:3 | Reached skill level 12 in Armour
 46332 | Depths:3 | Reached skill level 13 in Armour
 46358 | Depths:4 | Entered Level 4 of the Depths
 46474 | Depths:4 | Reached skill level 14 in Armour
 46516 | Depths:4 | Paralysed by a floating eye for 3 turns
 46566 | Depths:4 | Reached skill level 15 in Armour
 46687 | Depths:4 | Reached skill level 16 in Armour
 46693 | Depths:4 | Noticed a golden dragon
 46708 | Depths:4 | Killed a golden dragon
 46768 | Depths:4 | Found a gate to the Realm of Zot.
 46858 | Depths:4 | Noticed a caustic shrike
 46860 | Depths:4 | Noticed a caustic shrike
 46861 | Depths:4 | Noticed a caustic shrike
 46861 | Depths:4 | Noticed a caustic shrike
 46863 | Depths:4 | Killed a caustic shrike
 46869 | Depths:4 | Killed a caustic shrike
 46870 | Depths:4 | Killed a caustic shrike
 46871 | Depths:4 | Reached skill level 17 in Armour
 46871 | Depths:4 | Killed a caustic shrike
 46902 | Depths:4 | Reached XP level 25. HP: 165/204 MP: 0/0
 46902 | Depths:4 | Learned a level 9 spell: Fire Storm
 46909 | Depths:4 | Reached skill level 18 in Armour
 47782 | Vaults:5 | Entered Level 5 of the Vaults
 47913 | Vaults:5 | Reached skill level 19 in Armour
 48659 | Vaults:5 | Noticed an ancient lich
 49040 | Vaults:5 | Killed an ancient lich
 49062 | Vaults:5 | Reached XP level 26. HP: 192/215 MP: 0/0
 49126 | Vaults:5 | Reached skill level 20 in Armour
 49146 | Vaults:5 | Identified the +3 morningstar "Yhan" {freeze, Dex+5}
 49255 | Vaults:5 | Identified the +0 lajatang of the Well-Known Songs {speed,
                  | MP+9 Str-4 Int+3 SInv}
 49432 | Vaults:5 | Identified the Discourse on Adjuration
 49463 | Vaults:5 | Identified the +1 broad axe of Income {heavy, Str+7 Int-2}
 49863 | Vaults:5 | Identified the +0 ring mail of Vog Wana {rN+ Will- Regen+}
 50161 | Vaults:5 | Identified the +1 leather armour of the Sun {rPois Will+}
 50189 | Vaults:5 | Got a silver rune of Zot
 50481 | Vaults:4 | Bought a potion of mutation for 320 gold pieces
 50676 | D:9      | Bought a potion of mutation for 112 gold pieces
 50676 | D:9      | Bought a potion of haste for 140 gold pieces
 50732 | Orc:2    | Bought a wand of digging (11) for 693 gold pieces
 50732 | Orc:2    | Bought a wand of digging (11) for 693 gold pieces
 50732 | Orc:2    | Bought a wand of digging (11) for 693 gold pieces
 52595 | Zot:1    | Entered Level 1 of the Realm of Zot
 54461 | Zot:4    | Identified the +9 dagger "Beetleslayer" {flame, rPois
                  | Str+4}
 54496 | Zot:5    | Entered Level 5 of the Realm of Zot
 54501 | Zot:5    | Reached XP level 27. HP: 210/228 MP: 0/0
 54501 | Zot:5    | Learned a level 9 spell: Chain Lightning
 54864 | Zot:5    | Noticed a Killer Klown
 54878 | Zot:5    | Killed a Killer Klown
 55244 | Zot:5    | Noticed an ancient lich
 55248 | Zot:5    | Paralysed by a Zot trap for 2 turns
 55272 | Zot:5    | Killed an ancient lich
 55311 | Zot:5    | Noticed an orb of fire
 55314 | Zot:5    | Noticed a Killer Klown
 55318 | Zot:5    | Noticed a Killer Klown
 55324 | Zot:5    | Killed a Killer Klown
 55324 | Zot:5    | Noticed a Killer Klown
 55612 | Zot:5    | Killed a Killer Klown
 55746 | Zot:5    | Gained mutation: You are occasionally teleported next to
                  | monsters. [an orb of fire]
 55752 | Zot:5    | Noticed an orb of fire
 55762 | Zot:5    | Gained mutation: You are clumsy. (Dex -2) [an orb of fire]
 55765 | Zot:5    | Gained mutation: Potions are less effective at restoring
                  | your health. [an orb of fire]
 55785 | Zot:5    | Gained mutation: You are weak. (Str -2) [an orb of fire]
 55917 | Zot:4    | Lost mutation: Potions are less effective at restoring your
                  | health. [potion of mutation]
 55917 | Zot:4    | Lost mutation: You are clumsy. (Dex -2) [potion of
                  | mutation]
 55917 | Zot:4    | Gained mutation: You are robust. (+10% HP) [potion of
                  | mutation]
 55917 | Zot:4    | Gained mutation: Your mind is acute. (Int +4, Str/Dex -1)
                  | [potion of mutation]
 55972 | Zot:5    | Lost mutation: You are robust. (+10% HP) [an orb of fire]
 55978 | Zot:5    | Killed an orb of fire
 56097 | Zot:5    | Gained mutation: Your spells are a little harder to cast,
                  | but a little more powerful. [an orb of fire]
 56102 | Zot:5    | Killed an orb of fire
 56204 | Zot:5    | Noticed a Killer Klown
 56214 | Zot:5    | Killed a Killer Klown
 56621 | Zot:5    | Reached skill level 21 in Armour
 56731 | Zot:5    | Killed a Killer Klown
 56768 | Zot:5    | Noticed a Killer Klown
 56886 | Zot:5    | Identified the cursed +0 helmet "Esoteric Lethargy" {Self,
                  | Cun} (You found it on level 6 of the Dungeon)
 56886 | Zot:5    | Identified the cursed ring of the Sibylline Sun {Dex+6,
                  | Self, Evo} (You found it on level 3 of the Shoals)
 56892 | Zot:5    | Noticed a Killer Klown
 56913 | Zot:5    | Killed a Killer Klown
 56923 | Zot:5    | Noticed a Killer Klown
 56930 | Zot:5    | Killed a Killer Klown
 56934 | Zot:5    | Noticed a Killer Klown
 56951 | Zot:5    | Killed a Killer Klown
 56992 | Zot:5    | Noticed an orb of fire
 56995 | Zot:5    | Lost mutation: Your spells are a little harder to cast, but
                  | a little more powerful. [an orb of fire]
 57003 | Zot:5    | Gained mutation: You sometimes lose your temper in combat.
                  | [an orb of fire]
 57015 | Zot:5    | Noticed a Killer Klown
 57027 | Zot:5    | Killed an orb of fire
 57028 | Zot:5    | Noticed a dread lich
 57040 | Zot:5    | Killed a Killer Klown
 57064 | Zot:5    | Killed a Killer Klown
 57066 | Zot:5    | Killed a dread lich
 57200 | Zot:5    | Noticed a dread lich
 57203 | Zot:5    | Noticed an orb of fire
 57216 | Zot:5    | Killed an orb of fire
 57219 | Zot:5    | Killed a dread lich
 57273 | Zot:5    | Got the Orb of Zot
 57350 | Zot:4    | Lost mutation: You are weak. (Str -2) [potion of mutation]
 57350 | Zot:4    | Lost mutation: You are occasionally teleported next to
                  | monsters. [potion of mutation]
 57350 | Zot:4    | Lost mutation: You sometimes lose your temper in combat.
                  | [potion of mutation]
 57350 | Zot:4    | Gained mutation: Your spells are a little harder to cast,
                  | but a little more powerful. [potion of mutation]
 57396 | Zot:4    | Identified the +1 leather armour of Tuthomac {Harm rPois
                  | Regen+ Int-3}
 57509 | Zot:2    | Noticed a Killer Klown
 57758 | D:10     | Noticed Hudysi the pandemonium lord
 57900 | D:$      | Escaped with the Orb!

Illustrated notes

Levels and vault maps discovered:
D:1:      nzn_arrival_depleted_hourglass, layout_basic, serial_shops, shop
D:2:      minmay_razor_zed, layout_loops_ring, basic_altar, supply_closet_lemuel
D:3:      layout_basic, grunt_gozag_statues
D:4:      layout_loops_ring, mainiacjoe_overflow_six_doors_small,
          amcnicky_altar_gilded, mainiacjoe_overflow_chevrons,
          mainiacjoe_overflow_paths, minmay_temple_entry_arrows,
          minmay_misc_feat_plants, uniq_blork_the_orc
D:5:      layout_basic, nicolae_tso_besieged_by_evil,
          mainiacjoe_overflow_24_doors, minmay_between
D:6:      layout_loops_cross, corexii_shack, lightli_minifort, uniq_sigmund,
          uniq_grinder
D:7:      layout_cave_pools, kennysheep_mini,
          mainiacjoe_overflow_surrounded_room, minmay_fractal_squares_gapless_5,
          uniq_prince_ribbit1
D:8:      cheibrodos_ideogram_h, layout_basic, bloody_trog, vehumet_statue,
          serial_shops, shop, ebering_ghost_rock_garden, minmay_the_grid_2x2
          [minmay_the_grid_diamond_grid, minmay_the_grid_odd_star,
          minmay_the_grid_all_tris, minmay_the_grid_prize_big_room]
D:9:      wander_river, layout_rooms, nicolae_qazlal_style_of_elements,
          erik_orc_1, serial_shops, nicolae_shop_hallway_stairs,
          chequers_serial_rivers_room_b, uniq_joseph
D:10:     layout_cross, nzn_wu_jian_council_hall,
          mainiacjoe_overflow_concentric_impassable, serial_undead,
          serial_undead_a, serial_undead_c, serial_undead_f, serial_undead_f,
          serial_undead_d, uniq_erica
D:11:     layout_small_grid, gauntlet_entry_generic
D:12:     dreamdust_isle_of_ice, layout_basic, serial_shops, shop
D:13:     layout_basic, minmay_pinched_square
D:14:     layout_small_grid, david_vaults_3, serial_bayou_pond_a,
          minmay_misc_feat_rows, uniq_jorgrun, uniq_lodul
D:15:     hangedman_depths_entry_try_elsewhere_first, layout_loops_ring,
          roderic_roman_lattice, minmay_door_square
Temple:   hellmonk_temple_beads
Lair:1:   layout_misc_corridors, kennysheep_abandoned_house, lemuel_fruit_tree
Lair:2:   layout_cave_pods, minmay_shoals_entry_hut,
          nicolae_volcano_entry_hallway, minivault_11, grunt_megastairs_4,
          infiniplex_staircase_pool_2
Lair:3:   layout_long_grid, spider_nest_entry_rubble, gammafunk_lair_bear_cave,
          grunt_megastairs_1
Lair:4:   layout_loops_ring, ice2_lemuel, grunt_megastairs_3,
          serial_bayou_shore_a
Lair:5:   minmay_lair_end_enchanted_forest, layout_regular_city,
          nicolae_slime_entry_slimehenge, grunt_megastairs_5
Shoals:1: nicolae_shoals_lighthouse, layout_shoals
Shoals:2: layout_shoals, uniq_polyphemus
Shoals:3: layout_shoals, serial_shops, nicolae_shop_advertising_works
          [nicolae_subvault_shop_adworks]
Shoals:4: shoals_end_simple, layout_shoals, serial_shops, nicolae_shop_crystal
Spider:1: layout_chambers, nicolae_spider_paper_wasps,
          hangedman_spider_tarantella_strand, uniq_louise
Spider:2: layout_spider_delve
Spider:3: layout_spider_delve, nicolae_spider_rock_and_or_roll,
          nicolae_spider_cling_halls
Spider:4: hellmonk_spider_rune_endless_swarm, guppyfry_hornet_nest
Orc:1:    layout_caves, uniq_nergalle, uniq_harold, uniq_josephine
Orc:2:    st_orc_town, layout_caves, serial_shops, nicolae_lakefront_shop, shop,
          nicolae_shop_stone, nicolae_shop_overcharged_wands
Vaults:1: gammafunk_ghost_abyssal_escape, nicolae_vaults_ring_of_whatevers,
          nicolae_vaults_angled_halls, hangedman_vaults_pinch,
          vaults_mumra_chevron, ontoclasm_vaults_fault, v_pattern_4,
          vaults_room_corners, hangedman_vaults_corner_blocks, vaults_mumra_hex,
          vaults_mumra_minichess_inversion, v_alt_pattern_2,
          ontoclasm_vaults_ring_large, layout_vaults_big_cross, uniq_asterion
Vaults:2: infiniplex_enter_wizlab_spiral, hangedman_vaults_impose,
          vaults_room_stairs_pillars, nicolae_vaults_meeting,
          minmay_crypt_entry_simple_round, v_misc_19, nicolae_vaults_little_ls,
          ontoclasm_vaults_ring_small, vaults_room_pool,
          ontoclasm_vaults_shuriken, vaults_room_grunt_arrival_checkpoint,
          ontoclasm_vaults_pinch, grunt_vaults_hallway_short,
          layout_vaults_big_room, serial_shops, shop, uniq_mennas, uniq_nikola
Vaults:3: vaults_standard_mumra_enter_the_diamond, grunt_vaults_hallway_short,
          nicolae_vaults_ninety_degrees, hangedman_vaults_capsules,
          vaults_dpeg_spiral, grunt_vaults_diagonal, vaults_room_grid,
          v_misc_18, vaults_room_door_ring, ontoclasm_vaults_gateway,
          layout_vaults_ring, serial_shops, nicolae_shop_waterfront
Vaults:4: v_alt_pattern_3, vaults_mumra_minichess, v_misc_1, v_misc_14,
          not_door_vault_due, v_misc_13, grunt_vaults_hallway_short, v_misc_30,
          layout_vaults_omnigrid, serial_shops, nicolae_shop_statue_plus,
          uniq_jory
Vaults:5: serial_shops
Depths:1: layout_gridlike, serial_shops, bzr_entry_islet,
          ebering_ghost_disaster_area, lightli_too_deep, abyss_entry,
          minmay_gold_behind_fungi, minmay_stone_trees_medium,
          nicolae_concentric_dashed_squares_mild, minmay_misc_feat_hallway,
          kennysheep_generic_room_8
Depths:2: mu_elephants_graveyard, layout_cave_pools, enter_ziggurat_c,
          hell_entry, rand_demon_pan_entry_4, serial_bayou_pond_b
Depths:3: minmay_four_inscribed_fans, layout_gridlike, hell_entry,
          serial_curves, eino_curves_04, eino_curves_03,
          hangedman_abyss_entry_splay, uniq_sojobo
Depths:4: grunt_crosshair, layout_gridlike, hangedman_decor_opposing,
          grunt_hell_entry_dis_mu, serial_bayou_shore_b
Zot:1:    layout_onion_interference
Zot:2:    dreamdust_black_sun_cult, layout_gridville, grunt_ministairs_11,
          uniq_parghit
Zot:3:    grunt_twist_and_shout, layout_concentric_octagons, uniq_josephina
Zot:4:    layout_gridlike
Zot:5:    layout_basic

Skill      XL: |  1  2  3  4  5  6  7  8  9 10 11 12 13 14 15 16 17 18 19 20 21 22 23 24 25 26 27 |
---------------+----------------------------------------------------------------------------------+-----
Spellcasting   | 3 4 5 6 8 9 10 11 12 13 14 15 16 18 | 18.7
Fighting       | 1 2 5 9 12 13 14 15 16 17 18 19 20 | 20.4
Ranged Weapons | 7 10 12 15 17 | 17.7
Shields        | 5 8 |  8.1
Armour         | 2 6 17 19 20 21 | 21.4
Stealth        | 3 6 7 |  7.9
Dodging        | 4 7 9 10 11 12 14 15 16 17 | 17.9
Evocations     | 3 6 8 9 10 11 13 | 13.2

Action                   |  1- 3 |  4- 6 |  7- 9 | 10-12 | 13-15 | 16-18 | 19-21 | 22-24 | 25-27 || total
-------------------------+-------+-------+-------+-------+-------+-------+-------+-------+-------++-------
Melee: Dagger            |       |     3 |     3 |       |       |       |       |       |       ||     6
       Staff             |       |       |       |     4 |       |       |       |       |       ||     4
 Fire: Hand crossbow     |       |       |       |    43 |   338 |       |       |       |       ||   381
       Longbow           |       |       |       |       |   285 |  1238 |   716 |  1052 |   829 ||  4120
Throw: Dart              |       |       |       |    12 |     7 |       |       |       |       ||    19
 Cast: Foxfire           |    81 |    63 |   146 |   270 |    11 |       |       |       |       ||   571
       Scorch            |       |    43 |    68 |    20 |    17 |       |     1 |       |       ||   149
       Kindle Blastspark |       |       |     6 |     1 |     2 |       |       |     1 |       ||    10
       Inner Flame       |       |       |    46 |   191 |   245 |   156 |   103 |    24 |     2 ||   767
       Searing Ray       |       |       |     1 |       |       |       |       |       |       ||     1
       Blink             |       |       |       |     8 |    71 |    29 |    24 |     4 |     6 ||   142
       Flame Wave        |       |       |       |       |    10 |       |       |       |       ||    10
       Summon Small Mamm |       |       |       |       |       |    12 |       |       |       ||    12
       Summon Cactus Gia |       |       |       |       |       |     3 |    61 |    56 |    34 ||   154
       Summon Hydra      |       |       |       |       |       |       |    27 |    92 |   123 ||   242
       Eringya's Noxious |       |       |       |       |       |       |     8 |       |       ||     8
       Ignition          |       |       |       |       |       |       |     1 |    75 |    30 ||   106
       Malign Gateway    |       |       |       |       |       |       |       |    12 |    17 ||    29
       Fire Storm        |       |       |       |       |       |       |       |       |     4 ||     4
Invok: Curse Item        |       |       |     1 |     3 |     2 |     2 |     1 |     1 |     2 ||    12
       Shatter the Chain |       |       |       |       |     1 |     1 |       |     1 |     1 ||     4
 Abil: Evoke Invisibilit |       |       |       |       |       |       |       |     1 |       ||     1
Evoke: Wand              |       |       |       |    12 |       |     7 |     4 |     2 |    24 ||    49
       Tin of tremorston |       |       |       |       |       |       |     4 |       |     4 ||     8
       Condenser vane    |       |       |       |       |       |       |     2 |     2 |     1 ||     5
       Lightning rod     |       |       |       |       |       |       |     4 |     1 |       ||     5
       Phantom mirror    |       |       |       |       |       |       |     2 |     3 |     2 ||     7
       Box of beasts     |       |       |       |       |       |       |       |     2 |     9 ||    11
  Use: Scroll            |       |       |     2 |     6 |     6 |       |     4 |     6 |    27 ||    51
       Potion            |       |       |       |     2 |     3 |     1 |     2 |     3 |    30 ||    41
Armor: Robe              |     2 |     7 |       |       |       |       |       |       |       ||     9
       Leather armour    |       |     3 |     7 |    44 |    91 |    54 |    48 |    21 |       ||   268
       Scale mail        |       |       |       |       |       |       |       |       |   143 ||   143
Dodge: Dodged            |     8 |    14 |    23 |   117 |   218 |   352 |   477 |   309 |   508 ||  2026
Block: Other             |       |     1 |     8 |    32 |       |       |       |       |       ||    41
       Reflection        |       |       |       |     2 |       |       |       |       |       ||     2

Table legend: (Time is in decaauts)
 A = Elapsed time spent in this place.
 B = Non-inter-level travel time spent in this place.
 C = Inter-level travel time spent in this place.
 D = Time resting spent in this place.
 E = Time spent auto-exploring this place.
 F = Levels seen in this place.
 G = Mean time per level.
                   A        B        C        D        E       F      G
               +--------+--------+--------+--------+--------+-----+--------+
         Total |  56946 |  40268 |  16678 |   5306 |  23247 |  48 | 1186.4 |
       Dungeon |  20693 |  14673 |   6020 |   1802 |   9543 |  15 | 1379.5 |
        Temple |    245 |    112 |    133 |      0 |    102 |   1 |  245.0 |
          Lair |   6972 |   5254 |   1718 |    452 |   3216 |   5 | 1394.4 |
        Shoals |   4358 |   3288 |   1070 |    196 |   2078 |   4 | 1089.5 |
   Spider Nest |   4269 |   3277 |    992 |    285 |   2005 |   4 | 1067.2 |
  Orcish Mines |   1550 |    950 |    600 |      5 |    640 |   2 |  775.0 |
        Vaults |   7764 |   5605 |   2159 |   1064 |   3120 |   5 | 1552.8 |
        Depths |   5768 |   3832 |   1936 |    392 |   2182 |   4 | 1442.0 |
           Zot |   4280 |   2233 |   2047 |    996 |     91 |   5 |  856.0 |
        Bazaar |     67 |     67 |      0 |      0 |     56 |   1 |   67.0 |
        Wizlab |    543 |    543 |      0 |    111 |     43 |   1 |  543.0 |
      Gauntlet |    431 |    431 |      0 |      0 |    171 |   1 |  431.0 |
               +--------+--------+--------+--------+--------+-----+--------+

Top non-repeatable levels by time:
   Zot:5: 2541 daAuts
Vaults:4: 2286 daAuts
     D:9: 2132 daAuts
     D:8: 2112 daAuts
Depths:4: 1798 daAuts
Depths:3: 1688 daAuts
  Lair:3: 1604 daAuts
    D:12: 1594 daAuts
Spider:1: 1572 daAuts
Vaults:5: 1527 daAuts
Depths:1: 1498 daAuts
Vaults:1: 1493 daAuts
    D:15: 1453 daAuts
    D:14: 1449 daAuts
  Lair:5: 1430 daAuts
